 Dungeon Crawl Stone Soup version 0.28.0-53-g5a82cb258f (webtiles) character file.

Game seed: 14144927927256959511

53 Descartes the Covert (level 3, 0/17 HPs)
             Began as a Felid Delver on July 14, 2022.
             Slain by a quokka (5 damage)
             ... on level 3 of the Dungeon.
             The game lasted 00:01:36 (362 turns).

Descartes the Covert (Felid Delver)                  Turns: 362, Time: 00:01:36

Health: 0/17       AC:  1    Str: 10    XL:     3   Next: 64%
Magic:  4/4        EV: 17    Int: 11    God:
Gold:   14         SH:  0    Dex: 17    Spells: 2/2 levels left
                                        Lives:  0   Deaths: 0

rFire   . . .      SeeInvis +     - Unarmed
rCold   . . .      Faith    .   (shield unavailable)
rNeg    . . .      Spirit   .   (armour unavailable)
rPois   .          Reflect  .   (helmet unavailable)
rElec   .          Harm     .   (cloak unavailable)
rCorr   .          Rampage  .   (gloves unavailable)
Will    .....                   (boots unavailable)
Stlth   ++++......              (no amulet)
HPRegen 0.05/turn               (no ring)
MPRegen 0.09/turn               (no ring)

@: quick
A: very small, claws 1, fangs 3, see invisible, speed 1, shaggy fur 1, stealthy
paws, no weapons or thrown items, no armour, multi-lived
a: no special abilities


You were on level 3 of the Dungeon.
You visited 1 branch of the dungeon, and saw 3 of its levels.

You collected 14 gold pieces.

Inventory:

Wands
 e - a wand of digging (3)
 i - a wand of charming (7)
Scrolls
 a - a scroll of fog
 c - a scroll of fear
 g - a scroll of blinking {unknown}
 h - a scroll of identify {unknown}
Potions
 d - a potion of haste
 f - a potion of invisibility {unknown}


   Skills:
 - Level 3.0 Fighting
 + Level 2.7 Dodging
 + Level 8.4 Stealth
 - Level 2.0 Unarmed Combat


You had 2 spell levels left.
You didn't know any spells.
Your spell library was empty.

Dungeon Overview and Level Annotations

Branches:
Dungeon (5/15)
 Temple: D:4-7

Altars:

Shops:
D:4 *


Innate Abilities, Weirdness & Mutations

You have sharp claws.
You have razor-sharp teeth.
You have supernaturally acute eyesight. (SInv)
You cover ground quickly. (Speed+)
You are covered in fur. (AC +1)
Your paws help you pounce on unaware monsters.
You are incapable of wielding weapons or throwing items.
You cannot wear armour.
You gain extra lives every three experience levels.


Message History

There are monsters nearby!
You scratch the quokka.
You kill the quokka!
You enter the shallow water.
Moving in this stuff is going to be slow.
A quokka comes into view.
The quokka closely misses you.
You scratch the quokka.
The quokka is almost dead.
Your unstable footing causes you to fumble your attack.
The quokka bites you.
The quokka splashes around in the water.
You miss the quokka. Your bite misses the quokka. The quokka bites you.
You completely miss the quokka.
You hear the slow rusting of a drain.
The quokka splashes around in the water.
You scratch the quokka.
The quokka is heavily wounded.
The quokka barely misses you.
You closely miss the quokka. Your claw misses the quokka.
The quokka is heavily wounded.
The quokka misses you.
You scratch the quokka but do no damage.
The quokka is heavily wounded.
The quokka misses you.
You scratch the quokka.
The quokka is almost dead.
The quokka splashes around in the water.
You miss the quokka.
The quokka is almost dead.
The quokka bites you.
* * * LOW HITPOINT WARNING * * *
You barely miss the quokka.
The quokka is almost dead.
The quokka barely misses you.
The quokka splashes around in the water.
You barely miss the quokka.
The quokka is severely wounded.
The quokka bites you.
You die...

***** *,* ******,*******
*,,,,,,,,,,*,** **
**####,**≈,,*,***, * ***
##...##*,,≈***,**, **
**,****#≈....#*,≈≈* **,,, ,*
*,,,,,,#r≈#≈≈≈*≈,****,**, ,*
**,****#r≈#≈,≈*≈,*,*,***, ,* *,*
#@≈#≈∩≈*≈≈**,** ** ** *,*
#≈≈#≈,≈*≈≈**** * #.# #≈≈#≈,≈*≈≈*
#### #####.#####.≈#≈≈≈*≈,* ...#
#........##.≈#*≈,,≈≈* * .#.#
#.#*#.##..≈≈.#**,,,** * .#.# #.#
#.##....##,****** *** .#.# #.#
#..#.####,,,,,,,** **,*
.#.###.###....###,,,,,,,,,****,,,


You could see 2 quokkas.

Vanquished Creatures
  A howler monkey (D:4)
  An adder (D:4)
  2 ball pythons
  A goblin (D:4)
  A quokka (D:3)
  A kobold (D:4)
7 creatures vanquished.

Notes
Turn   | Place    | Note
-------+----------+-------------------------------------------
     0 | D:5      | Descartes the Felid Delver began the quest for the Orb.
     0 | D:5      | Reached XP level 1. HP: 10/10 MP: 2/2
    15 | D:4      | Noticed a howler monkey
    19 | D:4      | Killed a howler monkey
    20 | D:4      | Reached skill level 8 in Stealth
    20 | D:4      | Reached XP level 2. HP: 14/14 MP: 3/3
    20 | D:4      | Reached XP level 3. HP: 17/17 MP: 4/4
   112 | D:4      | Noticed an ice beast
   208 | D:4      | Found Poopta's General Store.
   362 | D:3      | Slain by a quokka

Illustrated notes

Levels and vault maps discovered:
D:3:      layout_loops_corners, gup_sewer_entry_pipe
D:4:      layout_loops_corners, serial_shops, shop
D:5:      layout_rooms, uniq_prince_ribbit1, uniq_ijyb

Skill      XL: |  1 |
---------------+----+-----
Stealth        | 8 |  8.4
Fighting       | |  3.0
Dodging        | |  2.7
Unarmed Combat | |  2.0

Action                   || total
-------------------------++-------
Melee: Unarmed           ||    18
  Use: Scroll            ||     1
 Stab: Sleeping          ||     5
Dodge: Dodged            ||     5
